 Dungeon Crawl Stone Soup version 0.31-a0-152-g6aa68a64a1 (webtiles) character file.

Game seed: 28963090445043728

99101 qw the Severer (level 16, 0/101 HPs)
             Began as a Gargoyle Fighter on June 11, 2023.
             Was a High Priest of Okawaru.
             Killed from afar by a starcursed mass (10 damage)
             ... with an accursed screaming
             ... on level 2 of the Abyss.
             The game lasted 00:12:19 (17713 turns).

qw the Severer (Gargoyle Fighter)                  Turns: 17713, Time: 00:12:20

Health: 0/101      AC: 47    Str: 30      XL:     16   Next: 24%
Magic:  25/25      EV: 10    Int: 12      God:    Okawaru [*****.]
Gold:   1362       SH: 15    Dex:  8 (9)  Spells: 15/15 levels left

rFire   . . .        Y - +2 war axe (flame)
rCold   . . .        a - +2 kite shield
rNeg    + . .        D - +4 plate armour {rPois}
rPois   inf          o - +2 hat {Will+}
rElec   +            r - +2 cloak
rCorr   +            A - +1 pair of gloves {Str+3}
SInv    .            w - +0 pair of boots
Will    ++...        i - amulet of regeneration Stlth
                     c - +4 ring of protection
HPRegen 1.16/turn    C - ring of the Seven Dreams {Fly rCorr Int+2}
MPRegen 0.19/turn

%: no passive effects
@: about to teleport, heroic, flying, unable to drink
A: sickness immunity, AC +12, big wings, negative energy resistance 1,
electricity resistance, torment resistance 1, petrification resistance, antennae
1, deterioration 1, high MP 1, mutation resistance 1, wild magic 1, inability to
drink after injury 1
a: Renounce Religion, Heroism, Finesse, Duel


You were on level 2 of the Abyss.
You worshipped Okawaru.
Okawaru was extremely pleased with you.
You visited 3 branches of the dungeon, and saw 19 of its levels.
You visited the Abyss 1 time.
You also visited: Ossuary and Gauntlet.

You collected 1362 gold pieces.


Innate Abilities, Weirdness & Mutations

You are immune to sickness and miasma.
Your stone body is resilient. (AC +12)
You are immune to poison.
Your large and strong wings let you fly.
You resist negative energy. (rN+)
You are resistant to electric shocks. (rElec)
You are resistant to unholy torment.
You are immune to petrification.
You have a pair of small antennae on your head.
Your body sometimes deteriorates upon taking damage.
You have an increased reservoir of magic. (+10% MP)
You are somewhat resistant to further mutation.
Your spells are a little harder to cast, but a little more powerful.
You occasionally lose the ability to drink potions when taking damage.


   Skills:
 - Level 12.0(17.0) Fighting
 - Level 16.0(21.0) Axes
 - Level 5.0(10.0) Throwing
 + Level 11.6(16.6) Armour
 - Level 3.2(8.2) Dodging
 - Level 13.1(18.1) Shields
 - Level 10.0 Invocations


You had 15 spell levels left.
You didn't know any spells.
Your spell library was empty.

Inventory:

Hand Weapons
 m - a +4 war axe
 Y - a +2 war axe of flaming (weapon)
Missiles
 t - 13 boomerangs
 x - 2 silver boomerangs
 B - 6 javelins (quivered)
Armour
 a - a +2 kite shield (worn)
 o - a +2 hat of willpower (worn)
 r - a +2 cloak (worn)
 w - a +0 pair of boots (worn)
 A - a +1 pair of gloves of strength (worn)
 D - a +4 plate armour of poison resistance (worn)
Jewellery
 c - a +4 ring of protection (left hand)
 g - a ring of ice
 i - an amulet of regeneration (around neck)
 l - a ring of positive energy
 y - a ring of ice
 z - a ring of fire
 C - the ring of the Seven Dreams (right hand) {Fly rCorr Int+2}
   (You found it in a Gauntlet)

   [ring of flight]

   Int:       It affects your intelligence (+2).
   Fly:       It grants you flight.
   rCorr:     It protects you from acid and corrosion.
 E - the ring of Lamen {Fire Dex+2}
   (You found it in a Gauntlet)

   [ring of fire]

   It enhances your fire magic.
   Dex:       It affects your dexterity (+2).
   rF:        It protects you from fire.
   rC:        It makes you vulnerable to cold.
Wands
 f - a wand of digging (5)
Scrolls
 h - 3 scrolls of teleportation
 n - 9 scrolls of identify
Potions
 b - 4 potions of cancellation
 d - 3 potions of might
 e - 7 potions of heal wounds
 j - 2 potions of attraction
 k - 2 potions of resistance
 p - 3 potions of curing
 s - 2 potions of lignification
 u - a potion of magic
 v - 2 potions of haste

Dungeon Overview and Level Annotations

Branches:
Dungeon (13/15)            Temple (1/1) D:4            Lair (5/5) D:9
  Swamp (0/4) Lair:3       Spider (0/4) Lair:3        Slime (0/5) Lair:5
    Orc (0/2) D:11        Ossuary (visited)         Gauntlet (visited)
 Vaults: D:13-14

Altars:
Ashenzari
Cheibriados
Dithmenos
Elyvilon
Fedhas
Gozag
Hepliaklqana
Kikubaaqudgha
Makhleb
Nemelex Xobeh
Okawaru
Qazlal
Ru
Sif Muna
Trog
Uskayaw
Vehumet
Wu Jian
Xom
Yredelemnul
Zin
The Shining One
Jiyva

Shops:
D:7 (   D:13 [

Annotations:
D:4 1 transporter, qw's ghost, amateur NaHu
D:5 2 runed translucent doors, Crazy Yiuf; qw's ghost, novice MiHu
D:9 1 runed translucent door
D:13 2 transporters


Message History

The large abomination is heavily damaged.
You can drink potions again.
You slash the large abomination! You burn the large abomination.
The large abomination is severely damaged.
You block the large abomination's attack.
You barely miss the large abomination.
The large abomination is severely damaged.
A deafening chorus of shrieks assaults your mind!
You feel threatened and lose the ability to drink potions!
17708 ||| READING 4 scrolls of teleportation.
As you read the scroll of teleportation, it crumbles to dust.
You feel strangely unstable.
You feel the power of the Abyss delaying your translocation!
The large abomination hits you but does no damage.
You closely miss the large abomination.
The large abomination is severely damaged.
You block the large abomination's attack.
A deafening chorus of shrieks assaults your mind!
You slash the large abomination! You burn the large abomination.
You destroy the large abomination!
Okawaru accepts your kill.
You slice the starcursed mass!! You burn the starcursed mass.
You destroy the starcursed mass!
Okawaru accepts your kill.
A starcursed mass splits.
Enter note: A quasit comes into view.
The quasit gives a chilling moan.
The starcursed mass touches you!
Enter note: You slash the starcursed mass!
You burn the starcursed mass.
You destroy the starcursed mass!
Okawaru accepts your kill.
You slash the starcursed mass! You burn the starcursed mass.
You destroy the starcursed mass!
Okawaru accepts your kill.
You slice the starcursed mass!! You burn the starcursed mass.
The starcursed mass shudders and is absorbed by its neighbour.
A deafening chorus of shrieks assaults your mind!
You die...

.. ## # ##.. #
.. #.# #.....
##..##.. #.# #
. . . . .###..#
### ##....# .
#..#.#...
#...#ยค#.
###..# . ##@# .
.~~...~~~X.~.~~
.~#~~~##XX##~~#
. ..~#~~


XX# .#.5~ x~~ .~~~ ~~(~ ..## ~~~~. .~ ~~.~~~ You could see 5 starcursed masses,
a small abomination and a quasit.

Vanquished Creatures
  Gastronok (Lair:1)
  2 tentacled starspawn (Abyss:2)
  5 starcursed masses (Abyss:2)
  A minotaur (Gauntlet)
  A great orb of eyes (Gauntlet)
  Josephine (D:13)
  4 hydras
  A catoblepas (Lair:3)
  A merfolk avatar (Lair:5)
  A boulder beetle (D:13)
  2 two-headed ogres (D:13)
  A centaur warrior (D:13)
  3 death yaks (Lair:2)
  2 thrashing horrors (Abyss:2)
  Urug (D:10)
  Sonja (D:13)
  A sixfirhy (Abyss:2)
  2 wretched stars (Abyss:2)
  A fire crab (shapeshifter) (D:13)
  4 skysharks
  2 sea snakes (Lair:5)
  3 bog bodies (Lair:3)
  An orb spider (Lair:3)
  A deep elf pyromancer (D:12)
  2 ugly things (Gauntlet)
  2 oklob plants (Lair:5)
  5 manticores
  3 cyclopes
  13 elephants
  A black mamba (Lair:5)
  A rust devil (Abyss:2)
  Maggie (D:10)
  15 cane toads
  2 kobold demonologists
  2 unseen horrors
  A hellion (Abyss:2)
  2 rime drakes
  A tormentor (Abyss:2)
  12 komodo dragons
  2 ancient zymes (Abyss:2)
  A queen bee (Lair:1)
  A hellwing (Abyss:2)
  4 trolls
  8 polar bears
  A meliai (shapeshifter) (D:13)
  11 blink frogs
  A wind drake (Lair:5)
  2 snapping turtles (Lair:5)
  7 dream sheep
  10 flying skulls (Gauntlet)
  31 yaks
  14 slime creatures
  A ynoxinul (Abyss:2)
  8 wraiths
  8 wyverns
  A shadow (D:12)
  3 steam dragons
  A neqoxec (Abyss:2)
  A golden eye (Abyss:2)
  7 basilisks
  Grum (Lair:1)
  2 swamp worms (Lair:3)
  3 wargs (D:9)
  6 vampire mosquitoes
  4 small abominations (Abyss:2)
  12 water moccasins
  6 black bears
  3 ice beasts
  16 orc warriors
  7 wolves
  5 large abominations (Abyss:2)
  6 centaurs
  4 ogres
  A phantom (D:6)
  5 kobold brigands
  9 bullfrogs
  2 scorpions
  24 killer bees (Lair:1)
  An electric eel (Lair:3)
  A howler monkey (D:7)
  A human zombie (D:9)
  A gnoll bouda (D:7)
  2 jellies (D:5)
  8 hounds
  A sleepcap (D:5)
  13 orc priests
  3 iron imps
  Jessica (D:2)
  3 iguanas
  7 orc wizards
  A mummy (D:8)
  Robin (D:2)
  5 adders
  5 gnolls (D:7)
  3 white imps
  A worm (D:3)
  A dart slug (D:2)
  77 orcs
  11 ball pythons
  8 bats
  5 endoplasms
  4 giant cockroaches
  18 goblins
  8 hobgoblins
  9 jackals (D:1)
  24 kobolds
  A quokka (D:3)
  4 frilled lizards
  A jackal zombie (D:9)
  4 rats
  2 starspawn tentacles (Abyss:2)
580 creatures vanquished.

Vanquished Creatures (others)
  2 starspawn tentacles (Abyss:2)
2 creatures vanquished.

Grand Total: 582 creatures vanquished

Notes
Turn   | Place    | Note
-------+----------+-------------------------------------------
     0 | D:1      | qw the Gargoyle Fighter began the quest for the Orb.
     0 | D:1      | Reached XP level 1. HP: 14/14 MP: 1/1
     0 | D:1      | 0 ||| qw: Version: 0.2-a-29-g7dc7884
     0 | D:1      | 0 ||| qw: Game counter: 4042
     0 | D:1      | 0 ||| qw: Always use a shield: true
     0 | D:1      | 0 ||| qw: God list: Okawaru
     0 | D:1      | 0 ||| qw: Allow faded altars: false
     0 | D:1      | 0 ||| qw: Do Orc after D:15 true
     0 | D:1      | 0 ||| qw: Do second Lair branch before Depths: true
     0 | D:1      | 0 ||| qw: Lair rune preference: random
     0 | D:1      | 0 ||| qw: Plans: Normal, Zot:1-4, Slime:5, God:TSO, Crypt,
                  | Tomb, Abyss, Pan, Hells, Win
     0 | D:1      | 0 ||| PLANNING D:1-11
     7 | D:1      | 7 ||| Stepping ~*~*~tactically~*~*~ (stealth).
    39 | D:1      | Reached skill level 2 in Axes
    84 | D:1      | Reached XP level 2. HP: 18/19 MP: 2/2
   114 | D:1      | 114 ||| Stepping ~*~*~tactically~*~*~ (hiding).
   259 | D:1      | 259 ||| Stepping ~*~*~tactically~*~*~ (hiding).
   260 | D:1      | 260 ||| Stepping ~*~*~tactically~*~*~ (hiding).
   456 | D:1      | 456 ||| Stepping ~*~*~tactically~*~*~ (stealth).
   592 | D:1      | Reached skill level 3 in Axes
   615 | D:1      | Reached XP level 3. HP: 23/23 MP: 3/3
   681 | D:1      | 681 ||| FLEEEEING.
   983 | D:1      | 983 ||| Stepping ~*~*~tactically~*~*~ (stealth).
  1134 | D:1      | 1134 ||| READING scroll labelled XON KUXTANNASK.
  1135 | D:1      | 1135 ||| READING scroll labelled KOICAE AWUCHI.
  1136 | D:1      | 1136 ||| READING 2 scrolls labelled FADEOC ZAUSCH.
  1137 | D:1      | 1137 ||| READING scroll labelled COTHRO LIV.
  1138 | D:1      | 1138 ||| DROPPING scroll of amnesia.
  1196 | D:2      | Noticed Robin
  1204 | D:2      | Killed Robin
  1205 | D:2      | Reached XP level 4. HP: 21/28 MP: 4/4
  1206 | D:2      | Reached skill level 4 in Axes
  1230 | D:2      | 1230 ||| Stepping ~*~*~tactically~*~*~ (stealth).
  1235 | D:2      | 1235 ||| Stepping ~*~*~tactically~*~*~ (stealth).
  1237 | D:2      | 1237 ||| Stepping ~*~*~tactically~*~*~ (hiding).
  1275 | D:2      | Noticed Jessica
  1276 | D:2      | 1276 ||| Stepping ~*~*~tactically~*~*~ (hiding).
  1281 | D:2      | Killed Jessica
  1783 | D:2      | 1783 ||| UPGRADING to +2 kite shield.
  1793 | D:2      | 1793 ||| DROPPING +0 buckler.
  1794 | D:2      | 1794 ||| UPGRADING to +0 helmet.
  1799 | D:2      | 1799 ||| UPGRADING to amulet of guardian spirit.
  1804 | D:2      | 1804 ||| READING scroll labelled CYHAPE QOENNOATE.
  1805 | D:2      | 1805 ||| READING scroll labelled HUGIZI TYOCI.
  1806 | D:2      | 1806 ||| READING scroll labelled UDWUOLO GAMN.
  1807 | D:2      | 1807 ||| READING scroll labelled DENUWAESCHI.
  1810 | D:2      | 1810 ||| DRINKING 2 fuming blue potions.
  1915 | D:2      | 1915 ||| DROPPING potion of berserk rage.
  1988 | D:3      | Reached XP level 5. HP: 23/32 MP: 3/5
  2206 | D:3      | 2206 ||| Stepping ~*~*~tactically~*~*~ (stealth).
  2210 | D:3      | 2210 ||| Stepping ~*~*~tactically~*~*~ (stealth).
  2331 | D:3      | Found a shadowy altar of Dithmenos.
  2546 | D:3      | Found a glowing silver altar of Zin.
  2582 | D:3      | Found a faded altar of an unknown god.
  2606 | D:3      | 2606 ||| UPGRADING to +0 chain mail.
  2616 | D:3      | 2616 ||| DROPPING +0 scale mail.
  2617 | D:3      | 2617 ||| UPGRADING to amulet of regeneration.
  2627 | D:3      | 2627 ||| DROPPING amulet of guardian spirit.
  2628 | D:3      | 2628 ||| READING scroll labelled POTSAUN OQABRIBAJ.
  2629 | D:3      | 2629 ||| READING 2 scrolls of identify.
  2629 | D:3      | 2629 ||| IDENTIFYING puce potion
  2630 | D:3      | 2630 ||| DROPPING potion of brilliance.
  2685 | D:4      | Found a snail-covered altar of Cheibriados.
  2730 | D:4      | 2730 ||| Stepping ~*~*~tactically~*~*~ (stealth).
  2769 | D:4      | Reached XP level 6. HP: 37/37 MP: 6/6
  2817 | D:4      | Noticed qw's ghost (amateur NaHu)
  2818 | D:4      | Found a transporter.
  2926 | D:4      | Found a hide-covered altar of Uskayaw.
  2974 | D:4      | Found a staircase to the Ecumenical Temple.
  2975 | D:4      | 2975 ||| PLANNING TEMPLE
  2975 | D:4      | 2975 ||| UPGRADING to +1 chain mail of poison resistance.
  2985 | D:4      | 2985 ||| DROPPING +0 chain mail.
  2986 | D:4      | 2986 ||| UPGRADING to +1 pair of gloves of dexterity.
  2991 | D:4      | 2991 ||| READING 2 scrolls of identify.
  2991 | D:4      | 2991 ||| IDENTIFYING viscous clear potion
  3004 | D:4      | Reached skill level 5 in Axes
  3006 | Temple   | Entered the Ecumenical Temple
  3015 | Temple   | 3015 ||| PLANNING OKAWARU WORSHIP
  3245 | Temple   | Became a worshipper of Warmaster Okawaru
  3245 | Temple   | 3245 ||| PLANNING D:1-11
  3327 | D:4      | 3327 ||| Stepping ~*~*~tactically~*~*~ (hiding).
  3503 | D:4      | 3503 ||| UPGRADING to +4 ring of protection.
  3533 | D:5      | Entered Level 5 of the Dungeon
  3541 | D:5      | Found a hazy altar of Hepliaklqana.
  3644 | D:5      | Reached skill level 1 in Dodging
  3673 | D:5      | Found a runed translucent door.
  3674 | D:5      | Noticed Crazy Yiuf
  3725 | D:5      | Reached XP level 7. HP: 41/43 MP: 7/7
  3835 | D:5      | Found a runed translucent door.
  3835 | D:5      | Noticed qw's ghost (novice MiHu)
  4169 | D:5      | 4169 ||| UPGRADING to +1 helmet.
  4179 | D:5      | 4179 ||| DROPPING +0 helmet.
  4180 | D:5      | 4180 ||| UPGRADING to +0 cloak.
  4207 | D:6      | 4207 ||| STAIRDANCE
  4319 | D:6      | Reached skill level 6 in Axes
  4451 | D:6      | Reached * piety under Okawaru
  4452 | D:6      | Reached skill level 6 in Shields
  4452 | D:6      | 4452 ||| INVOKING Heroism.
  4453 | D:6      | 4453 ||| INVOKING Heroism.
  4458 | D:6      | Reached skill level 1 in Invocations
  4458 | D:6      | Reached XP level 8. HP: 48/48 MP: 5/9
  4508 | D:6      | Found an ancient bone altar of Kikubaaqudgha.
  4511 | D:6      | 4511 ||| INVOKING Heroism.
  4890 | D:6      | Reached skill level 3 in Invocations
  4892 | D:6      | Reached skill level 7 in Axes
  5032 | D:6      | 5032 ||| DRINKING 2 coppery potions.
  5032 | D:6      | Gained mutation: You occasionally lose the ability to drink
                  | potions when taking damage. [potion of mutation]
  5032 | D:6      | Gained mutation: Your body sometimes deteriorates upon
                  | taking damage. [potion of mutation]
  5032 | D:6      | Gained mutation: You sometimes lose the ability to drink
                  | potions when taking damage. [potion of mutation]
  5032 | D:6      | Gained mutation: You are somewhat resistant to further
                  | mutation. [potion of mutation]
  5033 | D:6      | 5033 ||| DRINKING potion of mutation.
  5033 | D:6      | Lost mutation: You are somewhat resistant to further
                  | mutation. [potion of mutation]
  5033 | D:6      | Lost mutation: Your body sometimes deteriorates upon taking
                  | damage. [potion of mutation]
  5033 | D:6      | Lost mutation: You sometimes lose the ability to drink
                  | potions when taking damage. [potion of mutation]
  5033 | D:6      | Gained mutation: You have an increased reservoir of magic.
                  | (+10% MP) [potion of mutation]
  5033 | D:6      | Gained mutation: You have a pair of small antennae on your
                  | head. [potion of mutation]
  5033 | D:6      | Gained mutation: You are somewhat resistant to further
                  | mutation. [potion of mutation]
  5033 | D:6      | Gained mutation: Your spells are a little harder to cast,
                  | but a little more powerful. [potion of mutation]
  5041 | D:6      | 5041 ||| DROPPING +1 helmet.
  5042 | D:6      | 5042 ||| DRINKING 2 white potions.
  5043 | D:6      | 5043 ||| DRINKING 2 blue potions.
  5044 | D:6      | 5044 ||| DRINKING 2 fuming brown potions.
  5090 | D:6      | 5090 ||| READING 3 scrolls of identify.
  5090 | D:6      | 5090 ||| IDENTIFYING pink potion
  5091 | D:6      | 5091 ||| READING 2 scrolls of identify.
  5091 | D:6      | 5091 ||| IDENTIFYING metallic sapphire potion
  5092 | D:6      | 5092 ||| DROPPING potion of degeneration.
  5093 | D:6      | 5093 ||| DROPPING potion of enlightenment.
  5122 | D:7      | 5122 ||| Stepping ~*~*~tactically~*~*~ (hiding).
  5381 | D:7      | 5381 ||| Stepping ~*~*~tactically~*~*~ (hiding).
  5412 | D:7      | Found Feeps's Weapon Shoppe.
  5425 | D:7      | 5425 ||| READING 3 scrolls of enchant armour.
  5425 | D:7      | 5425 ||| ENCHANTING +1 pair of gloves of dexterity.
  5426 | D:7      | 5426 ||| READING 2 scrolls of enchant armour.
  5426 | D:7      | 5426 ||| ENCHANTING +0 cloak.
  5427 | D:7      | 5427 ||| READING scroll of enchant armour.
  5427 | D:7      | 5427 ||| ENCHANTING +1 cloak.
  5454 | D:7      | 5454 ||| INVOKING Heroism.
  5471 | D:7      | 5471 ||| Stepping ~*~*~tactically~*~*~ (stealth).
  5473 | D:7      | 5473 ||| Stepping ~*~*~tactically~*~*~ (hiding).
  5474 | D:7      | 5474 ||| Stepping ~*~*~tactically~*~*~ (hiding).
  5475 | D:7      | 5475 ||| Stepping ~*~*~tactically~*~*~ (hiding).
  5477 | D:7      | 5477 ||| Stepping ~*~*~tactically~*~*~ (hiding).
  5479 | D:7      | 5479 ||| Stepping ~*~*~tactically~*~*~ (hiding).
  5481 | D:7      | 5481 ||| INVOKING Heroism.
  5498 | D:7      | Reached XP level 9. HP: 51/54 MP: 13/13
  5671 | D:7      | Reached skill level 1 in Throwing
  6031 | D:7      | 6031 ||| Stepping ~*~*~tactically~*~*~ (stealth).
  6033 | D:7      | 6033 ||| Stepping ~*~*~tactically~*~*~ (hiding).
  6035 | D:7      | 6035 ||| Stepping ~*~*~tactically~*~*~ (hiding).
  6037 | D:7      | 6037 ||| Stepping ~*~*~tactically~*~*~ (hiding).
  6150 | D:7      | Found an ornate altar of the Wu Jian Council.
  6165 | D:7      | 6165 ||| READING scroll labelled HUCROTHOEST.
  6194 | D:8      | 6194 ||| PLANNING OSSUARY
  6222 | D:8      | 6222 ||| INVOKING Heroism.
  6300 | D:8      | Reached skill level 8 in Axes
  6392 | D:8      | Found a sand-covered staircase.
  6398 | D:8      | 6398 ||| UPGRADING to +0 plate armour.
  6408 | D:8      | 6408 ||| DROPPING +1 chain mail of poison resistance.
  6409 | D:8      | 6409 ||| DROPPING ring of magical power.
  6415 | Ossuary  | Entered an ossuary
  6419 | D:8      | 6419 ||| PLANNING D:1-11
  6558 | D:8      | 6558 ||| Stepping ~*~*~tactically~*~*~ (hiding).
  6559 | D:8      | 6559 ||| Stepping ~*~*~tactically~*~*~ (hiding).
  6560 | D:8      | 6560 ||| Stepping ~*~*~tactically~*~*~ (hiding).
  6561 | D:8      | 6561 ||| Stepping ~*~*~tactically~*~*~ (hiding).
  6563 | D:8      | 6563 ||| Stepping ~*~*~tactically~*~*~ (hiding).
  6567 | D:8      | 6567 ||| INVOKING Heroism.
  6572 | D:8      | Reached ** piety under Okawaru
  6679 | D:9      | Found a runed translucent door.
  6686 | D:9      | Found a basalt altar of Yredelemnul.
  6719 | D:9      | 6719 ||| INVOKING Heroism.
  6734 | D:9      | Reached skill level 6 in Fighting
  6744 | D:9      | 6744 ||| INVOKING Heroism.
  6756 | D:9      | Reached XP level 10. HP: 18/61 MP: 12/14
  6764 | D:9      | 6764 ||| FLEEEEING.
  6766 | D:9      | 6766 ||| FLEEEEING.
  6777 | D:9      | 6777 ||| INVOKING Heroism.
  6818 | D:9      | 6818 ||| INVOKING Heroism.
  6821 | D:9      | 6821 ||| Stepping ~*~*~tactically~*~*~ (stealth).
  6823 | D:9      | 6823 ||| Stepping ~*~*~tactically~*~*~ (stealth).
  6829 | D:9      | 6829 ||| Stepping ~*~*~tactically~*~*~ (stealth).
  6835 | D:9      | 6835 ||| Stepping ~*~*~tactically~*~*~ (hiding).
  6850 | D:9      | 6850 ||| INVOKING Heroism.
  6851 | D:9      | 6851 ||| Stepping ~*~*~tactically~*~*~ (stealth).
  6861 | D:9      | Reached skill level 9 in Axes
  6879 | D:9      | Found a staircase to the Lair.
  6880 | D:9      | 6880 ||| Stepping ~*~*~tactically~*~*~ (stealth).
  6886 | D:9      | 6886 ||| Stepping ~*~*~tactically~*~*~ (stealth).
  6887 | D:9      | 6887 ||| Stepping ~*~*~tactically~*~*~ (stealth).
  6920 | D:9      | 6920 ||| DRINKING potion of curing.
  6920 | D:9      | 6920 ||| (to cure confusion)
  7326 | D:9      | 7326 ||| INVOKING Heroism.
  7487 | D:9      | Reached skill level 6 in Armour
  7495 | D:9      | 7495 ||| Stepping ~*~*~tactically~*~*~ (hiding).
  7678 | D:9      | 7678 ||| PLANNING LAIR
  7744 | Lair:1   | Entered Level 1 of the Lair of Beasts
  7744 | Lair:1   | Noticed a cane toad
  7745 | Lair:1   | 7745 ||| INVOKING Heroism.
  7749 | Lair:1   | Killed a cane toad
  7761 | Lair:1   | 7761 ||| STAIRDANCE
  7763 | D:9      | HP: 15/63 [komodo dragon (9)]
  7764 | D:9      | 7764 ||| READING 2 scrolls of teleportation.
  7766 | D:9      | Reached skill level 9 in Shields
  7766 | D:9      | 7766 ||| INVOKING Heroism.
  7895 | Lair:1   | Noticed a cane toad
  7896 | Lair:1   | 7896 ||| INVOKING Heroism.
  7899 | Lair:1   | Noticed a cane toad
  7900 | Lair:1   | 7900 ||| Stepping ~*~*~tactically~*~*~ (stealth).
  7907 | Lair:1   | Killed a cane toad
  7918 | Lair:1   | 7918 ||| READING scroll of enchant weapon.
  7918 | Lair:1   | 7918 ||| ENCHANTING +1 war axe of flaming.
  7922 | Lair:1   | 7922 ||| Stepping ~*~*~tactically~*~*~ (stealth).
  7923 | Lair:1   | 7923 ||| Stepping ~*~*~tactically~*~*~ (stealth).
  7924 | Lair:1   | 7924 ||| INVOKING Heroism.
  7929 | Lair:1   | Killed a cane toad
  7973 | Lair:1   | 7973 ||| INVOKING Heroism.
  7999 | Lair:1   | Reached skill level 10 in Axes
  8004 | Lair:1   | 8004 ||| INVOKING Heroism.
  8036 | Lair:1   | Reached *** piety under Okawaru
  8060 | Lair:1   | Reached XP level 11. HP: 68/68 MP: 15/15
  8159 | Lair:1   | Noticed Gastronok
  8160 | Lair:1   | 8160 ||| Stepping ~*~*~tactically~*~*~ (hiding).
  8165 | Lair:1   | 8165 ||| Stepping ~*~*~tactically~*~*~ (hiding).
  8167 | Lair:1   | 8167 ||| Stepping ~*~*~tactically~*~*~ (hiding).
  8175 | Lair:1   | 8175 ||| INVOKING Heroism.
  8189 | Lair:1   | Killed Gastronok
  8325 | Lair:1   | Noticed Grum
  8326 | Lair:1   | 8326 ||| Stepping ~*~*~tactically~*~*~ (stealth).
  8328 | Lair:1   | 8328 ||| Stepping ~*~*~tactically~*~*~ (hiding).
  8330 | Lair:1   | 8330 ||| INVOKING Heroism.
  8337 | Lair:1   | Killed Grum
  8354 | Lair:1   | Reached **** piety under Okawaru
  8395 | Lair:1   | 8395 ||| INVOKING Heroism.
  8459 | Lair:1   | 8459 ||| Stepping ~*~*~tactically~*~*~ (hiding).
  8495 | Lair:1   | 8495 ||| Stepping ~*~*~tactically~*~*~ (hiding).
  8629 | Lair:1   | 8629 ||| Stepping ~*~*~tactically~*~*~ (stealth).
  8631 | Lair:1   | 8631 ||| INVOKING Heroism.
  8645 | Lair:1   | Reached skill level 11 in Axes
  8652 | Lair:1   | Reached skill level 6 in Invocations
  8663 | Lair:1   | Noticed a skyshark
  8665 | Lair:1   | Noticed a six-headed hydra
  8666 | Lair:1   | 8666 ||| INVOKING Heroism.
  8677 | Lair:1   | Killed a skyshark
  8679 | Lair:1   | Killed a one-headed hydra
  8679 | Lair:1   | Reached ***** piety under Okawaru
  8721 | Lair:1   | 8721 ||| INVOKING Heroism.
  8727 | Lair:1   | Reached XP level 12. HP: 74/74 MP: 15/19
  8969 | Lair:1   | 8969 ||| Stepping ~*~*~tactically~*~*~ (stealth).
  8971 | Lair:1   | 8971 ||| Stepping ~*~*~tactically~*~*~ (stealth).
  8972 | Lair:1   | 8972 ||| INVOKING Heroism.
  8976 | Lair:1   | Received a gift from Okawaru
  8993 | Lair:1   | 8993 ||| Stepping ~*~*~tactically~*~*~ (stealth).
  9007 | Lair:1   | 9007 ||| INVOKING Heroism.
  9164 | Lair:1   | 9164 ||| UPGRADING to +2 hat of willpower.
  9169 | Lair:1   | 9169 ||| READING scroll labelled PUDWEBLILE.
  9170 | Lair:1   | 9170 ||| READING scroll labelled GUCVUS TEIKYNI.
  9171 | Lair:1   | 9171 ||| READING 7 scrolls of identify.
  9171 | Lair:1   | 9171 ||| IDENTIFYING murky golden potion
  9172 | Lair:1   | 9172 ||| READING 6 scrolls of identify.
  9172 | Lair:1   | 9172 ||| IDENTIFYING bubbling puce potion
  9198 | Lair:2   | 9198 ||| INVOKING Heroism.
  9208 | Lair:2   | Reached skill level 9 in Fighting
  9224 | Lair:2   | Noticed a death yak
  9225 | Lair:2   | 9225 ||| Stepping ~*~*~tactically~*~*~ (stealth).
  9227 | Lair:2   | 9227 ||| Stepping ~*~*~tactically~*~*~ (stealth).
  9229 | Lair:2   | 9229 ||| Stepping ~*~*~tactically~*~*~ (stealth).
  9231 | Lair:2   | 9231 ||| Stepping ~*~*~tactically~*~*~ (stealth).
  9233 | Lair:2   | 9233 ||| Stepping ~*~*~tactically~*~*~ (stealth).
  9235 | Lair:2   | 9235 ||| Stepping ~*~*~tactically~*~*~ (stealth).
  9237 | Lair:2   | 9237 ||| Stepping ~*~*~tactically~*~*~ (stealth).
  9239 | Lair:2   | 9239 ||| Stepping ~*~*~tactically~*~*~ (stealth).
  9241 | Lair:2   | 9241 ||| Stepping ~*~*~tactically~*~*~ (stealth).
  9243 | Lair:2   | 9243 ||| Stepping ~*~*~tactically~*~*~ (stealth).
  9245 | Lair:2   | 9245 ||| Stepping ~*~*~tactically~*~*~ (stealth).
  9247 | Lair:2   | 9247 ||| Stepping ~*~*~tactically~*~*~ (stealth).
  9249 | Lair:2   | 9249 ||| Stepping ~*~*~tactically~*~*~ (stealth).
  9251 | Lair:2   | 9251 ||| Stepping ~*~*~tactically~*~*~ (stealth).
  9253 | Lair:2   | 9253 ||| Stepping ~*~*~tactically~*~*~ (stealth).
  9255 | Lair:2   | 9255 ||| Stepping ~*~*~tactically~*~*~ (stealth).
  9257 | Lair:2   | 9257 ||| Stepping ~*~*~tactically~*~*~ (stealth).
  9259 | Lair:2   | 9259 ||| Stepping ~*~*~tactically~*~*~ (stealth).
  9262 | Lair:2   | 9262 ||| INVOKING Heroism.
  9263 | Lair:2   | 9263 ||| INVOKING Finesse.
  9265 | Lair:2   | Noticed a death yak
  9266 | Lair:2   | 9266 ||| Stepping ~*~*~tactically~*~*~ (stealth).
  9277 | Lair:2   | Noticed a death yak
  9278 | Lair:2   | Killed a death yak
  9287 | Lair:2   | Killed a death yak
  9288 | Lair:2   | Reached skill level 9 in Invocations
  9298 | Lair:2   | Killed a death yak
  9493 | Lair:2   | 9493 ||| Stepping ~*~*~tactically~*~*~ (stealth).
  9494 | Lair:2   | 9494 ||| Stepping ~*~*~tactically~*~*~ (stealth).
  9497 | Lair:2   | 9497 ||| INVOKING Heroism.
  9513 | Lair:2   | 9513 ||| Stepping ~*~*~tactically~*~*~ (stealth).
  9514 | Lair:2   | 9514 ||| Stepping ~*~*~tactically~*~*~ (stealth).
  9611 | Lair:2   | Noticed an eight-headed hydra
  9612 | Lair:2   | 9612 ||| INVOKING Heroism.
  9623 | Lair:2   | Killed a three-headed hydra
  9676 | Lair:2   | 9676 ||| INVOKING Heroism.
  9684 | Lair:2   | Reached skill level 3 in Throwing
  9891 | Lair:2   | 9891 ||| DROPPING +1 hat.
  9913 | Lair:3   | 9913 ||| Stepping ~*~*~tactically~*~*~ (stealth).
  9914 | Lair:3   | 9914 ||| Stepping ~*~*~tactically~*~*~ (stealth).
  9915 | Lair:3   | 9915 ||| Stepping ~*~*~tactically~*~*~ (stealth).
  9929 | Lair:3   | Identified the +2 pair of gloves of Honour {rElec} (Okawaru
                  | gifted it to you on level 3 of the Lair of Beasts)
  9929 | Lair:3   | Received a gift from Okawaru
  9939 | Lair:3   | Reached skill level 12 in Axes
  9970 | Lair:3   | Noticed a skyshark
  9973 | Lair:3   | Noticed a catoblepas
  9974 | Lair:3   | 9974 ||| INVOKING Heroism.
  9975 | Lair:3   | 9975 ||| INVOKING Finesse.
  9986 | Lair:3   | Killed a skyshark
  9996 | Lair:3   | Killed a catoblepas
 10126 | Lair:3   | Reached XP level 13. HP: 80/80 MP: 22/22
 10155 | Lair:3   | Found a dark tunnel.
 10219 | Lair:3   | 10219 ||| INVOKING Heroism.
 10224 | Lair:3   | Reached skill level 9 in Armour
 10278 | Lair:3   | 10278 ||| Stepping ~*~*~tactically~*~*~ (stealth).
 10280 | Lair:3   | 10280 ||| INVOKING Heroism.
 10345 | Lair:3   | Found a hole to the Spider Nest.
 10346 | Lair:3   | 10346 ||| PLANNING LAIR
 10346 | Lair:3   | 10346 ||| PLANNING LAIR
 10346 | Lair:3   | 10346 ||| PLANNING LAIR
 10353 | Lair:3   | 10353 ||| DROPPING +2 pair of gloves of Honour {rElec}.
 10529 | Lair:3   | 10529 ||| Stepping ~*~*~tactically~*~*~ (hiding).
 10567 | Lair:3   | 10567 ||| INVOKING Heroism.
 10584 | Lair:3   | Found a staircase to the Swamp.
 10590 | Lair:3   | 10590 ||| INVOKING Heroism.
 10643 | Lair:3   | 10643 ||| INVOKING Heroism.
 11085 | Lair:3   | 11085 ||| UPGRADING to +0 pair of boots.
 11090 | Lair:3   | 11090 ||| READING scroll labelled BANLAO GOXIRU.
 11188 | Lair:4   | 11188 ||| INVOKING Heroism.
 11382 | Lair:4   | 11382 ||| Stepping ~*~*~tactically~*~*~ (stealth).
 11384 | Lair:4   | 11384 ||| Stepping ~*~*~tactically~*~*~ (stealth).
 11386 | Lair:4   | 11386 ||| Stepping ~*~*~tactically~*~*~ (stealth).
 11416 | Lair:4   | Reached skill level 13 in Axes
 11438 | Lair:4   | 11438 ||| INVOKING Heroism.
 12046 | Lair:5   | Entered Level 5 of the Lair of Beasts
 12059 | Lair:5   | 12059 ||| INVOKING Heroism.
 12112 | Lair:5   | 12112 ||| INVOKING Heroism.
 12120 | Lair:5   | Received a gift from Okawaru
 12153 | Lair:5   | 12153 ||| Stepping ~*~*~tactically~*~*~ (stealth).
 12158 | Lair:5   | 12158 ||| Stepping ~*~*~tactically~*~*~ (stealth).
 12170 | Lair:5   | 12170 ||| Stepping ~*~*~tactically~*~*~ (hiding).
 12172 | Lair:5   | 12172 ||| INVOKING Heroism.
 12222 | Lair:5   | 12222 ||| Stepping ~*~*~tactically~*~*~ (stealth).
 12269 | Lair:5   | 12269 ||| Stepping ~*~*~tactically~*~*~ (hiding).
 12270 | Lair:5   | 12270 ||| INVOKING Heroism.
 12311 | Lair:5   | 12311 ||| Stepping ~*~*~tactically~*~*~ (water).
 12312 | Lair:5   | 12312 ||| INVOKING Heroism.
 12323 | Lair:5   | Reached skill level 14 in Axes
 12323 | Lair:5   | Gained mutation: Your large and strong wings let you fly.
                  | [Gargoyle growth]
 12323 | Lair:5   | Reached XP level 14. HP: 88/88 MP: 21/23
 12348 | Lair:5   | 12348 ||| Stepping ~*~*~tactically~*~*~ (stealth).
 12374 | Lair:5   | 12374 ||| INVOKING Heroism.
 12428 | Lair:5   | 12428 ||| Stepping ~*~*~tactically~*~*~ (stealth).
 12430 | Lair:5   | 12430 ||| Stepping ~*~*~tactically~*~*~ (stealth).
 12448 | Lair:5   | Reached skill level 3 in Dodging
 12463 | Lair:5   | 12463 ||| Stepping ~*~*~tactically~*~*~ (stealth).
 12464 | Lair:5   | 12464 ||| Stepping ~*~*~tactically~*~*~ (stealth).
 12465 | Lair:5   | 12465 ||| Stepping ~*~*~tactically~*~*~ (stealth).
 12489 | Lair:5   | 12489 ||| INVOKING Heroism.
 12540 | Lair:5   | 12540 ||| Stepping ~*~*~tactically~*~*~ (stealth).
 12664 | Lair:5   | 12664 ||| INVOKING Heroism.
 12757 | Lair:5   | 12757 ||| Stepping ~*~*~tactically~*~*~ (stealth).
 12758 | Lair:5   | 12758 ||| Stepping ~*~*~tactically~*~*~ (stealth).
 12771 | Lair:5   | 12771 ||| INVOKING Heroism.
 12795 | Lair:5   | 12795 ||| Stepping ~*~*~tactically~*~*~ (hiding).
 12942 | Lair:5   | Found a viscous altar of Jiyva.
 12942 | Lair:5   | Found a staircase to the Slime Pits.
 12943 | Lair:5   | 12943 ||| INVOKING Heroism.
 13296 | Lair:5   | 13296 ||| PLANNING D:1-11
 13296 | Lair:5   | 13296 ||| READING scroll labelled GARUUG DUEV.
 13297 | Lair:5   | 13297 ||| READING scroll labelled FAICE WEWOISYPP.
 13398 | Lair:5   | 13398 ||| DRINKING 2 fizzy brown potions.
 13399 | Lair:5   | 13399 ||| DRINKING 2 bubbling ruby potions.
 13400 | Lair:5   | 13400 ||| READING 9 scrolls of identify.
 13400 | Lair:5   | 13400 ||| IDENTIFYING fuming sapphire potion
 13401 | Lair:5   | 13401 ||| DRINKING potion of experience.
 13401 | Lair:5   | Reached XP level 15. HP: 94/94 MP: 24/24
 13531 | D:10     | Entered Level 10 of the Dungeon
 13562 | D:10     | 13562 ||| Stepping ~*~*~tactically~*~*~ (stealth).
 13570 | D:10     | 13570 ||| Stepping ~*~*~tactically~*~*~ (hiding).
 13623 | D:10     | Noticed Urug
 13627 | D:10     | 13627 ||| INVOKING Heroism.
 13632 | D:10     | Killed Urug
 13854 | D:10     | Noticed Maggie
 13855 | D:10     | 13855 ||| Stepping ~*~*~tactically~*~*~ (hiding).
 13871 | D:10     | Killed Maggie
 13916 | D:10     | 13916 ||| Stepping ~*~*~tactically~*~*~ (hiding).
 13917 | D:10     | 13917 ||| Stepping ~*~*~tactically~*~*~ (hiding).
 14356 | D:11     | 14356 ||| INVOKING Heroism.
 14444 | D:11     | 14444 ||| INVOKING Heroism.
 14491 | D:11     | 14491 ||| Stepping ~*~*~tactically~*~*~ (stealth).
 14494 | D:11     | Found a staircase to the Orcish Mines.
 14502 | D:11     | 14502 ||| INVOKING Heroism.
 14506 | D:11     | HP: 22/94 [orc priest/divine providence (9)]
 14507 | D:11     | 14507 ||| READING 5 scrolls of teleportation.
 14513 | D:11     | 14513 ||| FLEEEEING.
 14514 | D:11     | 14514 ||| FLEEEEING.
 14515 | D:11     | 14515 ||| FLEEEEING.
 14516 | D:11     | 14516 ||| FLEEEEING.
 14517 | D:11     | 14517 ||| FLEEEEING.
 14518 | D:11     | 14518 ||| FLEEEEING.
 14519 | D:11     | 14519 ||| FLEEEEING.
 14520 | D:11     | 14520 ||| FLEEEEING.
 14521 | D:11     | 14521 ||| FLEEEEING.
 14522 | D:11     | 14522 ||| FLEEEEING.
 14523 | D:11     | 14523 ||| FLEEEEING.
 14524 | D:11     | 14524 ||| FLEEEEING.
 14525 | D:11     | 14525 ||| FLEEEEING.
 14526 | D:11     | 14526 ||| FLEEEEING.
 14527 | D:11     | 14527 ||| FLEEEEING.
 14528 | D:11     | 14528 ||| FLEEEEING.
 14529 | D:11     | 14529 ||| FLEEEEING.
 14530 | D:11     | 14530 ||| Stepping ~*~*~tactically~*~*~ (hiding).
 14577 | D:11     | 14577 ||| FLEEEEING.
 14578 | D:11     | 14578 ||| FLEEEEING.
 14579 | D:11     | 14579 ||| FLEEEEING.
 14580 | D:11     | 14580 ||| FLEEEEING.
 14581 | D:11     | 14581 ||| FLEEEEING.
 14582 | D:11     | 14582 ||| FLEEEEING.
 14755 | D:11     | 14755 ||| Stepping ~*~*~tactically~*~*~ (stealth).
 14756 | D:11     | 14756 ||| Stepping ~*~*~tactically~*~*~ (stealth).
 14758 | D:11     | 14758 ||| Stepping ~*~*~tactically~*~*~ (hiding).
 14992 | D:11     | Received a gift from Okawaru
 15145 | D:11     | 15145 ||| PLANNING D
 15145 | D:11     | 15145 ||| DROPPING scarf of shadows.
 15153 | D:12     | Found a gate leading to a gauntlet.
 15154 | D:12     | 15154 ||| PLANNING GAUNTLET
 15169 | Gauntlet | Entered a Gauntlet
 15169 | Gauntlet | Found a transporter.
 15178 | Gauntlet | Found a transporter.
 15199 | Gauntlet | Found a transporter.
 15203 | Gauntlet | Found a transporter.
 15220 | Gauntlet | Found a transporter.
 15233 | Gauntlet | Found a transporter.
 15243 | Gauntlet | Found a transporter.
 15274 | Gauntlet | Found a transporter.
 15274 | Gauntlet | Found a transporter.
 15280 | Gauntlet | Found a transporter.
 15306 | Gauntlet | Found the ring of the Octopus King
 15311 | Gauntlet | Found a transporter.
 15311 | Gauntlet | Found a transporter.
 15363 | Gauntlet | 15363 ||| INVOKING Heroism.
 15409 | Gauntlet | Identified the ring of Lamen {Fire Dex+2}
 15411 | Gauntlet | 15411 ||| UPGRADING to ring of Lamen {Fire Dex+2}.
 15441 | Gauntlet | Identified the ring of the Seven Dreams {Fly rCorr Int+2}
 15443 | Gauntlet | 15443 ||| UPGRADING to ring of the Seven Dreams {Fly rCorr
                  | Int+2}.
 15462 | Gauntlet | 15462 ||| INVOKING Heroism.
 15538 | Gauntlet | 15538 ||| UPGRADING to +4 plate armour of poison
                  | resistance.
 15548 | Gauntlet | 15548 ||| DROPPING +0 plate armour.
 15549 | Gauntlet | 15549 ||| READING scroll labelled ISIGOI PONAS.
 15578 | D:12     | 15578 ||| PLANNING D
 15610 | D:12     | 15610 ||| Stepping ~*~*~tactically~*~*~ (hiding).
 15622 | D:12     | Reached skill level 15 in Axes
 15692 | D:12     | 15692 ||| INVOKING Heroism.
 16105 | D:12     | 16105 ||| Stepping ~*~*~tactically~*~*~ (hiding).
 16260 | D:12     | Found a sparkling altar of Nemelex Xobeh.
 16363 | D:12     | 16363 ||| Stepping ~*~*~tactically~*~*~ (stealth).
 16368 | D:12     | 16368 ||| INVOKING Heroism.
 16374 | D:12     | 16374 ||| READING 4 scrolls of teleportation.
 16477 | D:12     | 16477 ||| UPGRADING to +1 pair of gloves of strength.
 16487 | D:12     | 16487 ||| DROPPING +2 pair of gloves of dexterity.
 16488 | D:12     | 16488 ||| READING scroll labelled BUISHR URIAXTIM.
 16512 | D:13     | Noticed Sonja
 16562 | D:13     | Killed Sonja
 16609 | D:13     | 16609 ||| Stepping ~*~*~tactically~*~*~ (stealth).
 16617 | D:13     | 16617 ||| INVOKING Heroism.
 16771 | D:13     | Found a transporter.
 16774 | D:13     | Found Teguycw's Antique Armour Shop.
 16822 | D:13     | 16822 ||| Stepping ~*~*~tactically~*~*~ (cloud).
 16895 | D:13     | 16895 ||| INVOKING Heroism.
 16947 | D:13     | Noticed Josephine
 16951 | D:13     | Reached skill level 12 in Fighting
 16962 | D:13     | Killed Josephine
 16962 | D:13     | Received a gift from Okawaru
 17015 | D:13     | 17015 ||| Stepping ~*~*~tactically~*~*~ (stealth).
 17040 | D:13     | Identified the +1 robe of the Armadillo {Dex+3}
 17078 | D:13     | Found a transporter.
 17192 | Abyss:2  | Cast into level 2 of the Abyss (a wizard)
 17197 | Abyss:2  | Found a corrupted altar of Lugonu.
 17229 | Abyss:2  | Found a corrupted altar of Lugonu.
 17292 | Abyss:2  | 17292 ||| Stepping ~*~*~tactically~*~*~ (stealth).
 17304 | Abyss:2  | Reached XP level 16. HP: 101/101 MP: 25/25
 17314 | Abyss:2  | 17314 ||| Stepping ~*~*~tactically~*~*~ (stealth).
 17315 | Abyss:2  | 17315 ||| Stepping ~*~*~tactically~*~*~ (stealth).
 17333 | Abyss:2  | 17333 ||| INVOKING Heroism.
 17341 | Abyss:2  | 17341 ||| Stepping ~*~*~tactically~*~*~ (stealth).
 17347 | Abyss:2  | 17347 ||| Stepping ~*~*~tactically~*~*~ (stealth).
 17355 | Abyss:2  | 17355 ||| Stepping ~*~*~tactically~*~*~ (stealth).
 17395 | Abyss:2  | Noticed a tentacled starspawn
 17401 | Abyss:2  | Killed a tentacled starspawn
 17438 | Abyss:2  | Noticed a tentacled starspawn
 17449 | Abyss:2  | Killed a tentacled starspawn
 17490 | Abyss:2  | 17490 ||| Stepping ~*~*~tactically~*~*~ (hiding).
 17491 | Abyss:2  | 17491 ||| Stepping ~*~*~tactically~*~*~ (hiding).
 17493 | Abyss:2  | 17493 ||| Stepping ~*~*~tactically~*~*~ (hiding).
 17503 | Abyss:2  | Gained mutation: Your body sometimes deteriorates upon
                  | taking damage. [a neqoxec]
 17519 | Abyss:2  | Reached skill level 16 in Axes
 17581 | Abyss:2  | 17581 ||| Stepping ~*~*~tactically~*~*~ (stealth).
 17637 | Abyss:2  | 17637 ||| Stepping ~*~*~tactically~*~*~ (hiding).
 17639 | Abyss:2  | 17639 ||| INVOKING Heroism.
 17648 | Abyss:2  | 17648 ||| Stepping ~*~*~tactically~*~*~ (stealth).
 17687 | Abyss:2  | 17687 ||| INVOKING Heroism.
 17700 | Abyss:2  | Paralysed by accursed screaming for 1 turns
 17707 | Abyss:2  | HP: 20/101 [starcursed mass/accursed screaming (14)]
 17708 | Abyss:2  | 17708 ||| READING 4 scrolls of teleportation.
 17712 | Abyss:2  | HP: 9/101 [starcursed mass (8)]
 17713 | Abyss:2  | Killed from afar by a starcursed mass

Levels and vault maps discovered:
D:1:      roderic_chinese_lattice_arrival, layout_basic
D:2:      layout_rooms, uniq_jessica, uniq_robin
D:3:      layout_rooms, mainiacjoe_overflow_alcove_2, zin_scriptorium,
          shapermc_ecumenical_altar_mp_vishouse
D:4:      layout_rooms, slow_altar_1, lemuel_doored_altar, temple_fountains,
          gammafunk_ghost_smash
D:5:      layout_basic, lemuel_crystal_altar, gammafunk_ghost_grave,
          uniq_crazy_yiuf_cottage
D:6:      layout_basic, kiku_gazebo_pond_becter
D:7:      layout_basic, nicolae_wu_jian_immortal_techniques, hex_medium,
          nicolae_stop_n_shop_1
D:8:      layout_gridville, gup_ossuary_entry_pyramid
D:9:      layout_loops_corners, dk_yredelemnul_ordeal,
          erik_lair_orcish_takeover, special_room [special_room_orc]
D:10:     layout_basic, uniq_maggie, uniq_urug
D:11:     layout_cave_pools, david_orc_5
D:12:     layout_roguey [special_room_orc], gauntlet_entry_generic,
          nemelex_lonely_heart_becter
D:13:     layout_irregular_city, david_vaults_1, serial_shops,
          nicolae_shop_drivethru, tso_altar, uniq_sonja, uniq_josephine
Temple:   eino_temple_water
Lair:1:   layout_roguey [special_room_bee], hangedman_lair_generics_rect,
          uniq_gastronok, uniq_grum
Lair:2:   beast_lair_carwin_large_3, layout_misc_corridors
Lair:3:   layout_small_grid, nicolae_swamp_entry_splash_gauntlet,
          nicolae_spider_entry_orb_guardian, enter_volcano_4,
          cheibrodos_lair_reptile_den, serial_bayou_shore_a
Lair:4:   layout_cave_pods
Lair:5:   gammafunk_lair_ancient_temple, layout_small_grid,
          minmay_slime_entry_oklob_enclosed
Abyss:2:  base: Lair:5, evilmike_abyss_exit_mutagenic

Skill      XL: |  1  2  3  4  5  6  7  8  9 10 11 12 13 14 15 16 |
---------------+-------------------------------------------------+-----
Axes           | 2 3 4 5 6 7 8 10 11 12 14 15 16 | 16.0
Shields        | 5 6 7 8 9 10 11 13 | 13.1
Dodging        | 1 2 3 |  3.2
Fighting       | 4 5 6 8 9 10 11 12 | 12.0
Invocations    | 1 4 7 10 | 10.0
Throwing       | 1 3 5 |  5.0
Armour         | 5 6 8 10 11 | 11.6

Action                     |  1- 3 |  4- 6 |  7- 9 | 10-12 | 13-15 | 16-18 || total
---------------------------+-------+-------+-------+-------+-------+-------++-------
  Melee: War axe           |   130 |   142 |   192 |   513 |   868 |   105 ||  1950
  Throw: Boomerang         |       |    49 |    51 |    25 |   116 |       ||   241
         Javelin           |       |       |       |    17 |    82 |    22 ||   121
 Invoke: Heroism           |       |       |     8 |    24 |    27 |     3 ||    62
         Finesse           |       |       |       |     2 |       |       ||     2
    Use: Scroll            |     4 |     7 |     6 |     6 |     8 |     1 ||    32
         Potion            |       |     1 |     5 |     1 |     3 |       ||    10
   Stab: Petrifying        |       |       |       |     1 |       |       ||     1
 Armour: Scale mail        |    86 |    31 |       |       |       |       ||   117
         Chain mail        |       |    29 |    98 |       |       |       ||   127
         Plate armour      |       |       |    28 |   275 |   466 |    32 ||   801
  Dodge: Dodged            |    65 |    43 |    50 |   149 |   199 |     9 ||   515
  Block: Buckler           |    37 |     6 |       |       |       |       ||    43
         Kite shield       |       |    64 |   167 |   337 |   503 |    44 ||  1115

Table legend:
 A = Non-vault XP
 B = Vault XP
 C = Vault XP percentage of total XP
 D = Non-vault monster count
 E = Vault monster count
 F = Vault count percentage of total count
                 A         B        C        D         E       F
            +---------+---------+-------+---------+---------+-------
      Total |   71654 |   35271 |  33.0 |     375 |     203 |  35.1
            +---------+---------+-------+---------+---------+-------
        D:1 |      62 |       0 |   0.0 |      35 |       0 |   0.0
        D:2 |      18 |      76 |  80.9 |      11 |      14 |  56.0
        D:3 |      87 |       0 |   0.0 |      17 |       0 |   0.0
        D:4 |     184 |      39 |  17.5 |      15 |       1 |   6.2
        D:5 |     268 |       0 |   0.0 |       9 |       0 |   0.0
        D:6 |    1105 |       0 |   0.0 |      14 |       0 |   0.0
        D:7 |     800 |       0 |   0.0 |      21 |       0 |   0.0
        D:8 |     776 |      18 |   2.3 |      11 |       1 |   8.3
        D:9 |    1962 |    1076 |  35.4 |      31 |      36 |  53.7
       D:10 |    1281 |    1218 |  48.7 |      12 |       2 |  14.3
       D:11 |    3034 |     442 |  12.7 |      11 |      23 |  67.6
       D:12 |    6054 |    1426 |  19.1 |      22 |      26 |  54.2
       D:13 |    9118 |    3544 |  28.0 |      20 |       8 |  28.6
     Lair:1 |    7493 |    6912 |  48.0 |      28 |      38 |  57.6
     Lair:2 |    5151 |    1804 |  25.9 |      13 |       9 |  40.9
     Lair:3 |    7936 |    3782 |  32.3 |      22 |       9 |  29.0
     Lair:4 |    5958 |       0 |   0.0 |      22 |       0 |   0.0
     Lair:5 |    6842 |    9660 |  58.5 |      27 |      22 |  44.9
    Abyss:2 |   13525 |       0 |   0.0 |      34 |       0 |   0.0
   Gauntlet |       0 |    5274 | 100.0 |       0 |      14 | 100.0
            +---------+---------+-------+---------+---------+-------
